 Dungeon Crawl Stone Soup version 0.28.0-45-g0d030f2227 (webtiles) character file.

Game seed: 6993330539775370803

46 zeratav the Insei (level 3, 0/34 HPs)
             Began as an Octopode Transmuter on Apr 11, 2022.
             Succumbed to an adder's poison
             ... on level 2 of the Dungeon.
             The game lasted 00:02:00 (1650 turns).

zeratav the Insei (Octopode Transmuter)             Turns: 1650, Time: 00:02:00

Health: 0/34       AC:  1    Str:  9    XL:     3   Next: 68%
Magic:  6/6        EV: 13    Int: 15    God:
Gold:   46         SH:  0    Dex: 14    Spells: 5/6 levels left

rFire   . . .      SeeInvis .     - Unarmed
rCold   . . .      Faith    .   (no shield)
rNeg    . . .      Spirit   .   (helmet restricted)
rPois   .          Reflect  .   (no amulet)
rElec   .          Harm     .   (no ring)
rCorr   .          Rampage  .   (no ring)
Will    .....                   (no ring)
Stlth   ..........              (no ring)
HPRegen 0.11/turn               (no ring)
MPRegen 0.10/turn               (no ring)
                                (no ring)
                                (no ring)

@: berserking, lethally poisoned (0 -> -1), very quick
A: almost no armour, amphibious, 8 rings, camouflage 1, gelatinous body 1,
(nimble swimmer 1), tentacles
a: no special abilities


You were on level 2 of the Dungeon.
You visited 1 branch of the dungeon, and saw 2 of its levels.

You collected 46 gold pieces.


Innate Abilities, Weirdness & Mutations

You cannot wear most types of armour.
You are amphibious.
You can wear up to eight rings at the same time.
Your skin changes colour to match your surroundings (Stealth+).
Your rubbery body absorbs attacks. (AC +1, EV +1)
((You are camouflaged when in or above water. (Stealth+)))
You have tentacles for arms and can constrict up to eight enemies at once.


   Skills:
 + Level 1.6 Fighting
 + Level 2.4 Dodging
 + Level 1.9 Stealth
 * Level 3.7 Unarmed Combat
 - Level 2.0 Spellcasting
 - Level 2.0 Transmutations


You had 5 spell levels left.
You knew the following spells:

 Your Spells              Type           Power      Damage    Failure   Level
a - Beastly Appendage     Tmut           14%        N/A       10%         1

Your spell library contained the following spells:

 Spells                   Type           Power      Damage    Failure   Level
 Wereblood                Tmut           7%         N/A       14%         2
 Spider Form              Tmut/Pois      4%         N/A       41%         3
 Ice Form                 Ice/Tmut       4%         N/A       82%         4

Inventory:

Scrolls
 a - 2 scrolls of identify {unknown}
 e - a scroll of fear {unknown}
 f - a scroll of magic mapping {unknown}
Potions
 c - 3 potions of invisibility {unknown}

Dungeon Overview and Level Annotations

Branches:
Dungeon (2/15)

Altars:

.#.######.# #.# ###### .# #.#
#.# #..... #
#.#.######.####.###.####
...#.###..#..............)......
#........(........####.###.####
...#.##.##...###.(.# #.#...#
#.##.##. ## #...####.#.### #
#.##.#..## ##........#.#
#.##.#..#....##@...# ###.#
#..†....##...#.....# #.#
....#.(..###..†.b...# #.#
###.####..###..##...# #.# #.#
#...######...# #.# #.#
##.......÷...# #.# #.#
######.###.#### #.# #.#
#####.........# #.# ##.##
##.##.....#.##.####.#


You could see a bat.


Message History

Your hp is fully restored (23).
An endoplasm comes into view.
An endoplasm is nearby!
You miscast Beastly Appendage.
You are very lightly contaminated with residual magic.
Nothing appears to happen.
MP[-1]
You lost 1 mp, and now have 5/6 mp.
A bat and a rat come into view.
An adder comes into view.
The adder hisses angrily.
The endoplasm quivers.
The endoplasm jiggles.
You tentacle-slap the endoplasm. You squeeze the endoplasm.
You kill the endoplasm!
You tentacle-slap the adder. Your grab misses the adder.
Your squeeze misses the adder. The adder bites you.
You are poisoned.
The adder poisons you! The rat bites you. The adder closely misses you.
HP[-6]
You take 6 damage, and now have 17/23 hp.
MASSIVE DAMAGE!! (PAUSE)
You tentacle-slap the adder but do no damage.
Your grab misses the adder. Your squeeze misses the adder.
You feel sick. The bat hits you. The rat barely misses you.
The adder completely misses you.
HP[-2]
You take 2 damage, and now have 15/23 hp.
You closely miss the adder. Your grab misses the adder.
Your squeeze misses the adder.
You feel sick. The bat hits you but does no damage. The rat barely misses you.
The adder bites you.
* * * LOW HITPOINT WARNING * * *
Your magical contamination has completely faded away.
HP[-4]
You take 4 damage, and now have 11/23 hp.
You are too injured to fight recklessly!
You are too injured to fight recklessly!
You are too injured to fight recklessly!
You are too injured to fight recklessly!
You are too injured to fight recklessly!
You are too injured to fight recklessly!
You are too injured to fight recklessly!
You are too injured to fight recklessly!
You are too injured to fight recklessly!
You are too injured to fight recklessly!
You are too injured to fight recklessly!
You are too injured to fight recklessly!
You are too injured to fight recklessly!
You are too injured to fight recklessly!
You are too injured to fight recklessly!
You are too injured to fight recklessly!
You are too injured to fight recklessly!
You are too injured to fight recklessly!
You feel sick. The bat misses you.
HP[-1]
You take 1 damage, and now have 10/23 hp.
You tentacle-slap the adder. Your grab misses the adder.
You feel sick.
You are no longer poisoned.
The bat hits you but does no damage. The adder closely misses you.
The adder misses you.
HP[-1] MP[+1]
You take 1 damage, and now have 9/23 hp.
Your mp is fully restored (6).
You tentacle-slap the adder. Your grab misses the adder.
Your squeeze misses the adder. The bat misses you. The adder misses you.
You barely miss the adder. Your grab misses the adder.
The bat barely misses you. The adder bites you.
* * * LOW HITPOINT WARNING * * *
You are lethally poisoned!
The adder poisons you!
HP[-3]
You take 3 damage, and now have 6/23 hp.
You barely miss the adder. You grab the adder. You constrict the adder.
* * * LOW HITPOINT WARNING * * *
You feel sick. The adder barely misses you. The bat closely misses you.
HP[-2]
You take 2 damage, and now have 4/23 hp.
You tentacle-slap the adder.
You kill the adder!
The bat barely misses you.
You tentacle-slap the rat.
You kill the rat!
* * * LOW HITPOINT WARNING * * *
You feel sick. The bat hits you but does no damage. The bat hits you.
* * * LOW HITPOINT WARNING * * *
HP[-2]
You take 2 damage, and now have 2/23 hp.
It was a potion of cancellation.
You feel magically purged.
* * * LOW HITPOINT WARNING * * *
You feel sick. The bat closely misses you.
HP[-1]
You take 1 damage, and now have 1/23 hp.
It was a potion of berserk rage.
A red film seems to cover your vision as you go berserk!
You feel yourself moving faster!
You feel mighty!
* * * LOW HITPOINT WARNING * * *
You feel sick. The bat hits you but does no damage.
You now have 34 max hp (+11).
You are too berserk!
You feel a strong urge to attack something.
You die...

Skill      XL: |  1  2 |
---------------+-------+-----
Stealth        | 1 |  1.9
Fighting       | |  1.6
Dodging        | |  2.4
Unarmed Combat | |  3.7
Spellcasting   | |  2.0
Transmutations | |  2.0

Action                   || total
-------------------------++-------
Melee: Unarmed           ||    68
       Constrict         ||    17
       Kick              ||    12
       Tentacles         ||    13
       Punch             ||     4
 Cast: Beastly Appendage ||    14
  Use: Potion            ||     2
 Stab: Sleeping          ||     5
Armor: Skin              ||     5
Dodge: Dodged            ||    46

Levels and vault maps discovered:
D:1:      dpeg_arrival_prison, layout_basic, corexii_item_surrounded_by_moat
D:2:      layout_loops_ring, chequers_serial_rivers_micro_c, minmay_cupped

Notes
Turn   | Place    | Note
-------+----------+-------------------------------------------
     0 | D:1      | zeratav the Octopode Transmuter began the quest for the
                  | Orb.
     0 | D:1      | Reached XP level 1. HP: 13/13 MP: 3/3
     0 | D:1      | magus.rc [v1.9.6]
   237 | D:1      | Reached XP level 2. HP: 8/18 MP: 3/5
   467 | D:1      | Reached skill level 1 in Stealth
  1121 | D:1      | Reached XP level 3. HP: 23/23 MP: 6/6
  1645 | D:2      | HP: 4/23 [poisoned by an adder]
  1648 | D:2      | HP: 1/23 [poisoned by an adder]
  1650 | D:2      | Succumbed to an adder's poison

Vanquished Creatures
  An adder (D:2)
  A dart slug (D:1)
  4 endoplasms
  3 giant cockroaches
  3 goblins
  3 hobgoblins (D:1)
  A kobold (D:1)
  4 quokkas
  4 ball pythons
  3 bats
  5 rats
32 creatures vanquished.

Table legend:
 A = Non-vault XP
 B = Vault XP
 C = Vault XP percentage of total XP
 D = Non-vault monster count
 E = Vault monster count
 F = Vault count percentage of total count
                 A         B        C        D         E       F
            +---------+---------+-------+---------+---------+-------
      Total |      47 |      20 |  29.9 |      27 |       5 |  15.6
            +---------+---------+-------+---------+---------+-------
        D:1 |      32 |       4 |  11.1 |      18 |       2 |  10.0
        D:2 |      15 |      16 |  51.6 |       9 |       3 |  25.0
            +---------+---------+-------+---------+---------+-------

Illustrated notes

Table legend:
 A = Kills in this place as a percentage of kills in entire the game.
 B = Kills by you in this place as a percentage of kills by you in the entire game.
 C = Kills by friends in this place as a percentage of kills by friends in the entire game.
 D = Other kills in this place as a percentage of other kills in the entire game.
 E = Experience gained in this place as a percentage of experience gained in the entire game.
 F = Experience gained in this place divided by the number of levels of this place that you have seen.
                   A       B       C       D       E      F
               +-------+-------+-------+-------+-------+----------------------
         Total | 100.0 | 100.0 |   N/A |   N/A | 100.0 |  33.5
       Dungeon | 100.0 | 100.0 |   N/A |   N/A | 100.0 |  33.5
               +-------+-------+-------+-------+-------+----------------------

Table legend: (Time is in decaauts)
 A = Elapsed time spent in this place.
 B = Non-inter-level travel time spent in this place.
 C = Inter-level travel time spent in this place.
 D = Time resting spent in this place.
 E = Time spent auto-exploring this place.
 F = Levels seen in this place.
 G = Mean time per level.
                   A        B        C        D        E       F      G
               +--------+--------+--------+--------+--------+-----+--------+
         Total |   1645 |   1631 |     14 |      0 |   1438 |   2 |  822.5 |
       Dungeon |   1645 |   1631 |     14 |      0 |   1438 |   2 |  822.5 |
               +--------+--------+--------+--------+--------+-----+--------+

Top non-repeatable levels by time:
     D:1: 1243 daAuts
     D:2: 401 daAuts
